 Dungeon Crawl Stone Soup version 0.23.0-38-g208d714 (webtiles) character file.

Game seed: 0

6914 Luthien the Devastator (level 10, -8/54 HPs)
             Began as a Deep Elf Conjurer on Feb 26, 2019.
             Was a Believer of Vehumet.
             Mangled by a two-headed ogre
             ... wielding a +0 giant club
              (23 damage)
             ... on level 9 of the Dungeon on Feb 27, 2019.
             The game lasted 01:32:39 (14821 turns).

Luthien the Devastator (Deep Elf Conjurer)         Turns: 14821, Time: 01:32:40

Health: -8/54      AC:  5    Str:  5    XL:     10   Next: 79%
Magic:  29/29      EV: 10    Int: 24    God:    Vehumet [**....]
Gold:   475        SH:  9    Dex: 18    Spells: 9/20 levels left

rFire    . . .     SeeInvis +   a - staff of energy
rCold    + . .     Gourm    .   H - +0 large shield of Elitism {rPois Int+3 SInv} (curse)
rNeg     . . .     Faith    .   o - +0 steam dragon scales
rPois    +         Spirit   .   (no helmet)
rElec    .         Reflect  .   (no cloak)
rCorr    .         Harm     .   (no gloves)
MR       +....                  (no boots)
Stlth    +++.......             (no amulet)
HPRegen  0.18/turn              A - ring of magical power
MPRegen  0.21/turn              s - ring of protection from cold

@: invisible
A: no striking features
a: Renounce Religion


You were on level 9 of the Dungeon.
You worshipped Vehumet.
Vehumet was pleased with you.
You were not hungry.

You visited 2 branches of the dungeon, and saw 11 of its levels.

You collected 475 gold pieces.

Inventory:

Hand Weapons
 m - a +0 dagger
 E - a -2 trident
 J - a +1 whip of freezing
Missiles
 d - 115 arrows
 e - 326 stones (quivered)
 f - 55 poisoned needles
 j - 96 sling bullets
 p - 29 bolts
 t - 6 needles of confusion
 B - 5 tomahawks
Armour
 o - +0 steam dragon scales (worn)
 H - the cursed +0 large shield of Elitism (worn) {rPois Int+3 SInv}
   (You found it on level 10 of the Dungeon)

   It affects your intelligence (+3).
   It protects you from poison.
   It lets you see invisible.
   It has a curse placed upon it.
Magical Staves
 a - an uncursed staff of energy (weapon)
Jewellery
 k - an uncursed ring of fire
 s - a ring of protection from cold (right hand)
 u - an uncursed ring of positive energy
 w - a +3 ring of protection
 A - a ring of magical power (left hand)
Wands
 h - a wand of paralysis (7)
 C - a wand of enslavement (10)
 O - a wand of flame (14)
Scrolls
 q - 2 scrolls of magic mapping
 r - 5 scrolls of teleportation
 v - 5 scrolls of identify
 Q - a scroll of amnesia
Potions
 b - 4 potions of degeneration {unknown}
 g - a potion of curing {unknown}
 l - 2 potions of might
 n - 2 potions of flight {unknown}
 x - 2 potions of ambrosia {unknown}
 z - 6 potions of haste {unknown}
 F - a potion of mutation {unknown}
Miscellaneous
 y - a lightning rod (4/4)
Comestibles
 c - 15 rations
 R - a chunk of flesh


   Skills:
 + Level 2.7 Fighting
 + Level 4.9 Dodging
 + Level 5.3 Stealth
 - Level 5.8 Spellcasting
 + Level 15.0 Conjurations
 - Level 4.2 Hexes
 + Level 3.6 Evocations


You had 9 spell levels left.
You knew the following spells:

 Your Spells              Type           Power        Failure   Level  Hunger
a - Magic Dart            Conj           ####         1%          1    None
b - Searing Ray           Conj           ######       1%          2    None
c - Fulminant Prism       Conj/Hex       ######....   36%         4    None
d - Iskenderun's Mystic   Conj           ######..     4%          4    None

Your spell library contained the following spells:

 Spells                   Type           Power        Failure   Level  Hunger
 Shock                    Conj/Air       ####         10%         1    None
 Dazzling Spray           Conj/Hex       ######       12%         3    None
 Force Lance              Conj/Tloc      #####...     67%         4    None


Dungeon Overview and Level Annotations

Branches:
Dungeon (10/15)            Temple (1/1) D:5            Lair (0/6) D:9
    Orc: D:9-12

Altars:
Ashenzari
Cheibriados
Dithmenos
Elyvilon
Fedhas
Gozag
Hepliaklqana
Kikubaaqudgha
Makhleb
Nemelex Xobeh
Okawaru
Qazlal
Ru
Sif Muna
Trog
Uskayaw
Vehumet
Wu Jian
Xom
Yredelemnul
Zin
The Shining One

Shops:
D:5 }   D:7 *   D:9 (

Annotations:
D:8 !, Joseph


Message History

There is a stone staircase leading up here.
The two-headed ogre barely misses you.
The two-headed ogre hits you with a +0 giant club!
You climb upwards.
There is a stone staircase leading down here.
There is an open door here.
The two-headed ogre hits you with a +0 giant club. x2
The two-headed ogre hits you with a +0 giant club!!
Ouch! That really hurt!
* * * LOW HITPOINT WARNING * * *
The two-headed ogre hits you with a +0 giant club.
* * * LOW HITPOINT WARNING * * *
There is an open door here.
You close the door.
Something unseen opens the door.
You close the door.
Something unseen opens the door.
You close the door.
Something unseen opens the door.
Okay, then.
You fade into invisibility!
The two-headed ogre hits you with a +0 giant club!!
You die...

###.........#...#####
#.....#######...#.... #.....#
#....#.... #.....# #....#....
#.....# #....#.... #.....#
#....#.... ############.....#
##...#....
#..........>...O########...###..
#..............@#............#..
#...............#............#..
#...............#[...........#..
#...............#>..##########..
#...............######...##..##.
#############........#........#.
#........#........#.
#........#........#.
#........#........'.


You could see a two-headed ogre.

Vanquished Creatures
  A two-headed ogre (D:9)
  Pikel (D:5)
  A hornet (D:10)
  Prince Ribbit (D:5)
  Grinder (D:5)
  2 hippogriffs
  A spriggan (D:7)
  Sigmund (D:5)
  2 steam dragons (D:6)
  An orc warrior (D:9)
  An ice beast (D:6)
  2 sky beasts (D:9)
  4 slaves
  A hornet zombie (D:9)
  3 phantoms
  3 centaurs
  2 ogres
  4 bullfrogs
  A gnoll sergeant (D:3)
  An elf skeleton (D:6)
  A scorpion (D:4)
  9 killer bees
  A howler monkey (D:5)
  6 wights
  A jelly (D:9)
  4 bullfrog zombies
  4 crimson imps
  2 quasits
  3 centaur skeletons
  3 hounds
  A human zombie (D:6)
  9 orc priests
  6 orc wizards
  3 gnoll shamans (D:3)
  3 iguanas
  3 worker ants
  2 hound zombies
  2 hound skeletons
  32 gnolls
  9 adders
  2 shadow imps
  An adder zombie (D:5)
  An adder skeleton (D:3)
  3 worms
  6 dart slugs
  3 leopard geckos
  26 orcs
  9 giant cockroaches
  6 goblins
  8 hobgoblins
  21 jackals
  4 quokkas
  3 ball pythons
  5 bats
  3 frilled lizards
  10 kobolds
  A leopard gecko skeleton (D:5)
  2 orc skeletons (D:6)
  2 orc zombies (D:6)
  A quokka zombie (D:5)
  10 rats
  6 fungi (D:6)
271 creatures vanquished.

Vanquished Creatures (others)
  99 fulminant prisms
99 creatures vanquished.

Grand Total: 370 creatures vanquished

Notes
Turn   | Place    | Note
-------+----------+-------------------------------------------
     0 | D:1      | Luthien the Deep Elf Conjurer began the quest for the Orb.
     0 | D:1      | Reached XP level 1. HP: 10/10 MP: 6/6
   311 | D:1      | Reached XP level 2. HP: 15/15 MP: 5/8
   341 | D:1      | Learned a level 2 spell: Searing Ray
   535 | D:1      | Reached skill level 5 in Conjurations
   974 | D:2      | Reached XP level 3. HP: 19/19 MP: 5/9
  1128 | D:2      | Reached skill level 6 in Conjurations
  1128 | D:2      | Reached XP level 4. HP: 24/24 MP: 0/10
  1287 | D:2      | Found an ancient bone altar of Kikubaaqudgha.
  2103 | D:3      | Reached skill level 7 in Conjurations
  2136 | D:3      | Reached XP level 5. HP: 28/28 MP: 9/11
  2947 | D:3      | Found a sparkling altar of Nemelex Xobeh.
  3504 | D:3      | Reached skill level 8 in Conjurations
  3504 | D:3      | Reached XP level 6. HP: 32/32 MP: 2/12
  4399 | D:3      | Reached skill level 9 in Conjurations
  4836 | D:3      | Reached XP level 7. HP: 25/36 MP: 1/13
  5052 | D:2      | Learned a level 4 spell: Fulminant Prism
  5334 | D:3      | Reached skill level 1 in Hexes
  5960 | D:4      | Found an ornate altar of the Wu Jian Council.
  6310 | D:4      | Found an opulent altar of Gozag.
  6688 | D:4      | Reached skill level 10 in Conjurations
  7016 | D:4      | Reached XP level 8. HP: 27/41 MP: 3/15
  7129 | D:4      | Learned a level 4 spell: Iskenderun's Mystic Blast
  7327 | D:4      | Found a sacrificial altar of Ru.
  7334 | D:4      | Found a glowing golden altar of the Shining One.
  7411 | D:5      | Entered Level 5 of the Dungeon
  7499 | D:5      | Noticed Grinder
  7500 | D:5      | Noticed Pikel
  8205 | D:5      | Found a staircase to the Ecumenical Temple.
  8216 | Temple   | Entered the Ecumenical Temple
  8222 | Temple   | Became a worshipper of Vehumet
  8310 | D:5      | Noticed Sigmund
  8315 | D:5      | Killed Sigmund
  8315 | D:5      | Reached skill level 5 in Spellcasting
  8429 | D:5      | Killed Grinder
  8429 | D:5      | Reached skill level 11 in Conjurations
  8922 | D:5      | Found Kaodd's Gadget Boutique.
  9000 | D:5      | Killed Pikel
  9000 | D:5      | Reached skill level 12 in Conjurations
  9000 | D:5      | Reached XP level 9. HP: 40/45 MP: 4/19
  9749 | D:6      | Noticed Prince Ribbit
  9837 | D:5      | Killed Prince Ribbit
  9837 | D:5      | Reached skill level 13 in Conjurations
 10880 | D:7      | Found Farefoc's General Store.
 10921 | D:7      | Reached skill level 14 in Conjurations
 11821 | D:8      | Reached * piety under Vehumet
 11821 | D:8      | Offered knowledge of Sandblast by Vehumet.
 11916 | D:8      | Noticed Joseph
 12180 | D:8      | Reached XP level 10. HP: 50/50 MP: 20/20
 12462 | D:9      | Upgraded the game from 0.23.0-33-g5e6c059 to
                  | 0.23.0-38-g208d714
 12713 | D:9      | Reached skill level 1 in Evocations
 12817 | D:9      | Found a staircase to the Lair.
 12824 | D:9      | Reached skill level 1 in Fighting
 12844 | D:9      | Found Pipnu's Antique Weapon Shop.
 13290 | D:9      | Reached ** piety under Vehumet
 13290 | D:9      | Offered knowledge of Shock by Vehumet.
 13293 | D:9      | Noticed a two-headed ogre
 13306 | D:9      | Killed a two-headed ogre
 13710 | D:9      | Found a deep blue altar of Sif Muna.
 13815 | D:10     | Entered Level 10 of the Dungeon
 14233 | D:10     | Reached skill level 15 in Conjurations
 14237 | D:10     | Noticed a two-headed ogre
 14397 | D:10     | Got a twisted large shield
 14473 | D:9      | Identified the cursed +0 large shield of Elitism {rPois
                  | Int+3 SInv} (You found it on level 10 of the Dungeon)
 14533 | D:9      | Identified a scroll of acquirement
 14693 | D:10     | Reached skill level 5 in Stealth
 14748 | D:10     | Noticed a two-headed ogre
 14821 | D:9      | Mangled by a two-headed ogre

Skill      XL: |  1  2  3  4  5  6  7  8  9 10 |
---------------+-------------------------------+-----
Conjurations   | 5 6 7 8 9 10 12 14 15 | 15.0
Hexes          | 4 |  4.2
Spellcasting   | 5 |  5.8
Stealth        | 5 |  5.3
Evocations     | 3 |  3.6
Dodging        | 4 |  4.9
Fighting       | 2 |  2.7

Action                   |  1- 3 |  4- 6 |  7- 9 | 10-12 || total
-------------------------+-------+-------+-------+-------++-------
 Cast: Magic Dart        |    44 |   110 |   155 |    33 ||   342
       Searing Ray       |     5 |    43 |    66 |     8 ||   122
       Fulminant Prism   |       |       |    42 |    57 ||    99
       Iskenderun's Myst |       |       |       |     7 ||     7
  Use: Scroll            |       |     5 |     3 |     4 ||    12
       Potion            |       |       |       |     1 ||     1
  Eat: Chunk             |       |    10 |    22 |     6 ||    38
       Ration            |       |     1 |     2 |     3 ||     6
Armor: Robe              |     3 |     6 |     2 |     1 ||    12
       Steam dragon scal |       |       |       |     7 ||     7
Dodge: Dodged            |     9 |    35 |    55 |    34 ||   133
Block: Large shield      |       |       |       |     7 ||     7
